 Dungeon Crawl Stone Soup version 0.30-a0-1157-g2cc9ac7196 (webtiles) character file.

Game seed: 10352085208688220807

109 pokeman the Magician (level 4, 0/37 HPs)
             Began as a Deep Elf Hedge Wizard on Apr 25, 2023.
             Succumbed to an adder's poison
             ... on level 2 of the Dungeon.
             The game lasted 00:03:00 (2177 turns).

pokeman the Magician (Deep Elf Hedge Wizard)        Turns: 2177, Time: 00:03:01

Health: 0/37       AC: 22    Str:  7    XL:     4   Next: 60%
Magic:  3/13       EV:  2    Int: 21    God:
Gold:   110        SH:  0    Dex: 14    Spells: 6/14 levels left

rFire   . . .        g - +2 short sword (elec)
rCold   . . .        (no shield)
rNeg    . . .        b - melded +0 robe
rPois   +            c - melded +0 hat
rElec   .            (cloak currently unavailable)
rCorr   .            (gloves currently unavailable)
SInv    .            (boots currently unavailable)
Will    .....        (no amulet)
Stlth   ++           a - ring of flight
HPRegen 0.26/turn    (no ring)
MPRegen 0.13/turn

%: no passive effects
@: lethally poisoned (0 -> -2), tree-form
A: stationary, stasis, torment immunity, boosted hp
a: no special abilities


You were on level 2 of the Dungeon.
You were a tree.
You visited 1 branch of the dungeon, and saw 2 of its levels.

You collected 110 gold pieces.

Inventory:

Hand Weapons
 g - a +2 short sword of electrocution (weapon)
Armour
 b - a +0 robe (melded)
 c - a +0 hat (melded)
Jewellery
 a - a ring of flight (left branch)
 e - a ring of fire
 j - a ring of ice
Scrolls
 f - a scroll of fog {unknown}
 h - a scroll of enchant weapon {unknown}
 i - a scroll of teleportation {unknown}
Potions
 d - 2 potions of magic


   Skills:
 - Level 1.0 Fighting
 - Level 1.1 Armour
 + Level 2.6 Dodging
 + Level 2.7 Stealth
 * Level 5.8 Spellcasting
 + Level 2.3 Conjurations
 - Level 1.1 Summonings
 - Level 1.1 Translocations


You had 6 spell levels left.
You knew the following spells:

 Your Spells              Type           Power      Damage    Failure   Level
a - Magic Dart            Conj           64%        1d6       3%          1
b - Mephitic Cloud        Conj/Pois/Air  9%         N/A       22%         3
c - Call Imp              Summ           20%        N/A       10%         2
d - Blink                 Tloc           20%        N/A       10%         2

Your spell library contained the following spells:

 Spells                   Type           Power      Damage    Failure   Level
 Kiss of Death            Conj/Necr      44%        2d8       6%          1
 Slow                     Hex            24%        N/A       10%         1
 Lesser Beckoning         Tloc           20%        N/A       10%         2
 Cigotuvi's Dreadful Rot  Necr/Pois/Air  12%        N/A       16%         2
 Gell's Gravitas          Tloc           10%        N/A       19%         3
 Teleport Other           Tloc           10%        N/A       19%         3
 Animate Dead             Necr           6%         N/A       69%         4
 Death Channel            Necr           3%         N/A       100%        6


Dungeon Overview and Level Annotations

Branches:
Dungeon (2/15)

Altars:
Dithmenos


Message History

You are lethally poisoned!
The adder poisons you!
Casting: Magic Dart (safe; 4% risk of failure)
Confirm with . or Enter, or press ? or * to list all spells.
Aiming: Magic Dart (safe; 4% risk of failure)
Press: ? - help, Shift-Dir - straight line, f/p - adder
Aim: an adder (heavily wounded, 100% to hit)
The magic dart hits the adder.
You kill the adder!
* * * LOW HITPOINT WARNING * * *
You feel very sick.
It was a potion of lignification.
You turn into a tree.
Your +0 hat melds into your body.
Your +0 robe melds into your body.
Your roots penetrate the ground.
* * * LOW HITPOINT WARNING * * *
You feel very sick.
Casting: Magic Dart (safe; 3% risk of failure)
Confirm with . or Enter, or press ? or * to list all spells.
Aiming: Magic Dart (safe; 3% risk of failure)
Press: ? - help, Shift-Dir - straight line, f - hobgoblin
Aim: a hobgoblin (100% to hit)
The magic dart hits the hobgoblin.
You kill the hobgoblin!
* * * LOW HITPOINT WARNING * * *
You feel sick.
There is a lethal amount of poison in your body!
* * * LOW HITPOINT WARNING * * *
You feel sick.
A goblin comes into view. It is wielding a +0 dagger.
* * * LOW HITPOINT WARNING * * *
You feel sick.
Casting: Magic Dart (safe; 3% risk of failure)
Confirm with . or Enter, or press ? or * to list all spells.
Aiming: Magic Dart (safe; 3% risk of failure)
Press: ? - help, Shift-Dir - straight line, f - goblin
Aim: a goblin, wielding a +0 dagger (wandering, hasn't noticed you, 100% to hit)
The magic dart hits the goblin.
The goblin is severely wounded.
The goblin shouts!
You die...

...#### ......#
...##.########
...##.##.....#
...##.##.###.#
#####.##.###.# #
.............########...
.####...................
................♣†....g.
.####..#..##.#.##.###.##
.# #...........# .# .#
#....####......# .#
#.......###..... ##
#...###.....##.#
####...#####.#.##.#
...................
##.......###...#


You could see a goblin.

Vanquished Creatures
  Natasha (twice) (D:2)
  An adder (D:2)
  A worm (D:2)
  A dart slug (D:2)
  3 ball pythons
  3 endoplasms
  A giant cockroach (D:2)
  4 goblins
  6 hobgoblins
  8 jackals (D:2)
  A kobold (D:2)
  A quokka (D:2)
  2 bats (D:1)
  2 frilled lizards
  4 rats
40 creatures vanquished.

Vanquished Creatures (collateral kills)
  A jackal (D:2)
1 creature vanquished.

Grand Total: 41 creatures vanquished

Notes
Turn   | Place    | Note
-------+----------+-------------------------------------------
     0 | D:1      | pokeman the Deep Elf Hedge Wizard began the quest for the
                  | Orb.
     0 | D:1      | Reached XP level 1. HP: 10/10 MP: 7/7
   611 | D:1      | Reached XP level 2. HP: 16/16 MP: 0/9
  1219 | D:2      | Got the Quarto of Skeletons
  1368 | D:2      | Reached skill level 5 in Spellcasting
  1389 | D:2      | Reached XP level 3. HP: 10/20 MP: 6/11
  1393 | D:2      | Learned a level 3 spell: Mephitic Cloud
  1396 | D:2      | Learned a level 2 spell: Call Imp
  1399 | D:2      | Learned a level 2 spell: Blink
  1974 | D:2      | Found a shadowy altar of Dithmenos.
  1976 | D:2      | Noticed Natasha
  1981 | D:2      | Killed Natasha
  1982 | D:2      | Reached skill level 1 in Fighting
  1982 | D:2      | Reached skill level 1 in Armour
  1982 | D:2      | Reached XP level 4. HP: 25/25 MP: 5/13
  2158 | D:2      | Noticed Natasha
  2169 | D:2      | Killed Natasha
  2176 | D:2      | HP: 1/37 [poisoned by an adder]
  2177 | D:2      | Succumbed to an adder's poison

Illustrated notes

Levels and vault maps discovered:
D:1:      dpeg_arrival_three_same_balls, layout_loops_corners, st_stairs_8,
          corner_web_ring
D:2:      layout_basic, basic_altar, minmay_misc_feat_roman, uniq_natasha

Skill      XL: |  1  2  3 |
---------------+----------+-----
Spellcasting   | 5 |  5.8
Fighting       | 1 |  1.0
Armour         | 1 |  1.1
Conjurations   | 2 |  2.3
Dodging        | |  2.6
Stealth        | |  2.7
Summonings     | |  1.1
Translocations | |  1.1

Action                     |  1- 3 |  4- 6 || total
---------------------------+-------+-------++-------
  Melee: Short sword       |    28 |     5 ||    33
   Cast: Magic Dart        |    82 |    11 ||    93
         Mephitic Cloud    |     1 |     2 ||     3
         Call Imp          |     1 |       ||     1
    Use: Potion            |       |     1 ||     1
   Stab: Sleeping          |     1 |       ||     1
         Confused          |       |     1 ||     1
 Armour: Robe              |     8 |       ||     8
  Dodge: Dodged            |    28 |     4 ||    32

Table legend: (Time is in decaauts)
 A = Elapsed time spent in this place.
 B = Non-inter-level travel time spent in this place.
 C = Inter-level travel time spent in this place.
 D = Time resting spent in this place.
 E = Time spent auto-exploring this place.
 F = Levels seen in this place.
 G = Mean time per level.
                   A        B        C        D        E       F      G
               +--------+--------+--------+--------+--------+-----+--------+
         Total |   2176 |   2130 |     46 |     64 |   1832 |   2 | 1088.0 |
       Dungeon |   2176 |   2130 |     46 |     64 |   1832 |   2 | 1088.0 |
               +--------+--------+--------+--------+--------+-----+--------+

Top non-repeatable levels by time:
     D:1: 1282 daAuts
     D:2: 894 daAuts
